 Dungeon Crawl Stone Soup version 0.21.1-1-g345015f (webtiles) character file.

2951 inc the Blocker (level 9, -8/84 HPs)
             Began as an Octopode Fighter on June 14, 2018.
             Was a Follower of Makhleb.
             Hit by a large rock thrown by a cyclops (33 damage)
             ... on level 7 of the Dungeon.
             The game lasted 00:11:01 (5381 turns).

inc the Blocker (Octopode Fighter)                  Turns: 5381, Time: 00:11:01

Health: -8/84      AC: 24    Str: 15    XL:     9   Next: 81%
Magic:  10/10      EV:  2    Int: 12    God:    Makhleb [*.....]
Gold:   397        SH: 12    Dex: 15    Spells: 8/8 levels left

rFire    + . .     SeeInvis .     - Unarmed
rCold    . . .     Gourm    .   a - +0 shield
rNeg     + + +     Faith    .   (helmet currently unavailable)
rPois    +         Spirit   .   d - amulet of regeneration
rElec    .         Reflect  .   h - ring of protection from fire
rCorr    .         Harm     .   n - ring of wizardry
MR       .....     NoTele   +   o - ring of wizardry
Stlth    +.........             u - +2 ring of intelligence
HPRegen  0.64/turn              (no ring)
MPRegen  0.12/turn              (no ring)
                                (no ring)
                                (no ring)

@: tree-form
A: almost no armour, stealthy swim, (amphibious), 8 rings, (constrict 8)
a: Renounce Religion


You were on level 7 of the Dungeon.
You worshipped Makhleb.
Makhleb was aware of your devotion.
You were hungry.
You were a tree.
You visited 1 branch of the dungeon, and saw 7 of its levels.

You collected 397 gold pieces.

Inventory:

Missiles
 g - 25 poisoned needles
Armour
 a - a +0 shield (worn)
Jewellery
 d - an amulet of regeneration (around neck)
 h - a ring of protection from fire (left branch)
 n - a ring of wizardry (right branch)
 o - a ring of wizardry (on tentacle)
 p - a -2 ring of slaying
 s - an uncursed amulet of regeneration
 u - a +2 ring of intelligence (on tentacle)
 v - an uncursed ring of fire
Wands
 k - a wand of polymorph (2)
Scrolls
 f - 4 scrolls of remove curse
 i - 5 scrolls of amnesia
 j - 3 scrolls of magic mapping {unknown}
 q - 4 scrolls of identify {unknown}
 r - 3 scrolls of teleportation
Potions
 l - a potion of flight
Books
 b - the Guide on Gliding Creation
   (You found it on level 6 of the Dungeon)

   Spells                             Type                      Level
   a - Summon Butterflies             Summoning                    1
   b - Summon Small Mammal            Summoning                    1
   c - Summon Lightning Spire         Summoning/Air                4
   d - Silence                        Hexes/Air                    5
   e - Dragon's Call                  Summoning                    9
Comestibles
 c - 15 rations


   Skills:
 - Level 3.0 Fighting
 - Level 3.0 Dodging
 + Level 10.9 Shields
 + Level 7.9 Unarmed Combat
 + Level 2.3 Invocations


You had 8 spell levels left.
You didn't know any spells.

Dungeon Overview and Level Annotations

Branches:
Dungeon (7/15)             Temple (0/1) D:6

Altars:
Dithmenos
Hepliaklqana
Makhleb
Nemelex Xobeh
Ru
Wu Jian

Annotations:
D:5 1 runed door


Innate Abilities, Weirdness & Mutations

You cannot wear most types of armour.
You are very stealthy in the water. (Stealth+)
((You are amphibious.))
You can wear up to eight rings at the same time.
((You can use your tentacles to constrict eight enemies at once.))
((Your skin changes colour to match your surroundings (Stealth+).))
((Your rubbery body absorbs attacks. (AC +1, EV +1)))


Message History

Makhleb accepts your kill.
You pummel the orc!!
You kill the orc!
Makhleb accepts your kill.
You hit the orc.
The orc is moderately wounded.
The orc hits you but does no damage.
You pummel the orc!!
You kill the orc!
Makhleb accepts your kill.
You completely miss the orc.
The orc priest invokes the aid of Beogh against you.
Beogh smites you!
* * * LOW HITPOINT WARNING * * *
The orc hits you but does no damage.
You pummel the orc!!
You kill the orc!
Makhleb accepts your kill.
The cyclops throws a large rock.
The large rock hits you!!
You die... # ## # #. . #. .###. #.. .#.. #..### ..##### ..... #.#... .oC

#.#.######### #)##
##..#.........
#♣###.##.#########
##...##### #####


You could see a cyclops and an orc priest.

Vanquished Creatures
  Pikel (D:6)
  Eustachio (D:4)
  The ghost of Rhok the Skirmisher, an amateur DsAs of Makhleb (D:4)
  Menkaure (D:4)
  An ice beast (D:6)
  A slave (D:6)
  An orc warrior (D:7)
  A sky beast (D:6)
  3 ogres
  A necrophage (D:6)
  2 centaurs (D:7)
  Blork the orc (D:6)
  3 bullfrogs
  2 scorpions
  4 howler monkeys
  A crimson imp (D:5)
  A centaur zombie (D:7)
  A jelly (D:4)
  A quasit (D:7)
  4 orc priests
  A hound (D:7)
  4 orc wizards
  3 bullfrog skeletons
  Jessica (D:3)
  An iguana (D:4)
  A worker ant (D:4)
  A hound zombie (D:5)
  A hound skeleton (D:6)
  A worker ant zombie (D:7)
  A howler monkey zombie (D:5)
  3 adders
  A howler monkey skeleton (D:4)
  A shadow imp (D:7)
  An ooze (D:7)
  An adder zombie (D:5)
  An adder skeleton (D:4)
  2 worms
  3 dart slugs
  3 leopard geckos
  35 orcs
  6 bats
  2 giant cockroaches
  18 goblins
  10 hobgoblins
  5 jackals
  4 kobolds
  2 quokkas
  A ball python (D:2)
  6 frilled lizards
  11 rats
163 creatures vanquished.

Vanquished Creatures (others)
  An adder (D:6)
1 creature vanquished.

Grand Total: 164 creatures vanquished

Notes
Turn   | Place    | Note
-------+----------+-------------------------------------------
     0 | D:1      | inc the Octopode Fighter began the quest for the Orb.
     0 | D:1      | Reached XP level 1. HP: 16/16 MP: 1/1
   369 | D:1      | Reached XP level 2. HP: 16/21 MP: 2/2
   626 | D:1      | Reached skill level 4 in Shields
   997 | D:1      | Reached XP level 3. HP: 18/26 MP: 3/3
  1439 | D:2      | Noticed a scorpion
  1530 | D:2      | Found a hazy altar of Hepliaklqana.
  1568 | D:2      | Killed a scorpion
  1568 | D:2      | Reached skill level 5 in Shields
  1568 | D:2      | Reached XP level 4. HP: 19/31 MP: 4/4
  1780 | D:3      | Reached XP level 5. HP: 22/36 MP: 5/5
  1858 | D:3      | Noticed an ogre
  1875 | D:3      | Killed an ogre
  1875 | D:3      | Reached skill level 6 in Shields
  1875 | D:3      | Reached XP level 6. HP: 19/42 MP: 6/6
  1971 | D:3      | Noticed Jessica
  2061 | D:3      | Killed Jessica
  2206 | D:3      | Reached skill level 7 in Shields
  2380 | D:4      | Reached XP level 7. HP: 16/46 MP: 7/7
  2464 | D:4      | Reached skill level 8 in Shields
  2599 | D:4      | Found a burning altar of Makhleb.
  2613 | D:4      | Became a worshipper of Makhleb the Destroyer
  2841 | D:4      | Noticed Menkaure
  2848 | D:4      | Killed Menkaure
  2962 | D:4      | Found an ornate altar of the Wu Jian Council.
  2970 | D:4      | Noticed Eustachio
  2980 | D:4      | Killed Eustachio
  2980 | D:4      | Reached XP level 8. HP: 45/52 MP: 8/8
  3064 | D:4      | Noticed Rhok's ghost (amateur DsAs)
  3071 | D:4      | Killed Rhok's ghost
  3071 | D:4      | Reached skill level 9 in Shields
  3374 | D:5      | Entered Level 5 of the Dungeon
  3472 | D:5      | Found a shadowy altar of Dithmenos.
  3616 | D:5      | Reached * piety under Makhleb
  3665 | D:5      | Found a runed door.
  3775 | D:5      | Reached skill level 5 in Unarmed Combat
  3981 | D:6      | HP: 2/52 [something (5)]
  4097 | D:6      | Noticed Pikel
  4112 | D:6      | Killed Pikel
  4112 | D:6      | Reached skill level 10 in Shields
  4112 | D:6      | Reached XP level 9. HP: 19/56 MP: 9/9
  4349 | D:6      | Found a staircase to the Ecumenical Temple.
  4356 | D:6      | Identified the Guide on Gliding Creation
  4653 | D:6      | Noticed Blork the orc
  4660 | D:6      | Killed Blork the orc
  4968 | D:7      | Noticed a cyclops
  5113 | D:7      | Found a burning altar of Makhleb.
  5125 | D:7      | Found a sacrificial altar of Ru.
  5241 | D:7      | Reached skill level 1 in Invocations
  5265 | D:7      | Found a sparkling altar of Nemelex Xobeh.
  5381 | D:7      | Hit by a large rock thrown by a cyclops

Skill      XL: |  1  2  3  4  5  6  7  8  9 |
---------------+----------------------------+-----
Shields        | 4 5 6 7 8 10 | 10.9
Unarmed Combat | 4 6 7 |  7.9
Invocations    | 2 |  2.3
Fighting       | |  3.0
Dodging        | |  3.0

Action                   |  1- 3 |  4- 6 |  7- 9 || total
-------------------------+-------+-------+-------++-------
Melee: Unarmed           |    74 |   118 |   299 ||   491
       Constrict         |    24 |    32 |    60 ||   116
       Tentacles         |    16 |    30 |    64 ||   110
       Punch             |       |     3 |    21 ||    24
  Use: Scroll            |       |       |     3 ||     3
       Potion            |       |       |     8 ||     8
 Stab: Sleeping          |     3 |     1 |     5 ||     9
       Distracted        |       |     1 |       ||     1
  Eat: Chunk             |     2 |     3 |     9 ||    14
Armor: Skin              |     9 |     4 |    16 ||    29
Dodge: Dodged            |    26 |    27 |    90 ||   143
Block: Shield            |    18 |    54 |   123 ||   195
